 Dungeon Crawl Stone Soup version 0.31.0-7-gf635a9b802 (webtiles) character file.

Game seed: 10015443024220702964

656 inmateoo the Chopper (level 7, -1/61 HPs)
             Began as a Minotaur Fighter on Jan 23, 2024.
             Slain by a killer bee (3 damage)
             ... on level 5 of the Dungeon.
             The game lasted 00:02:47 (3087 turns).

inmateoo the Chopper (Minotaur Fighter)             Turns: 3087, Time: 00:02:47

Health: -1/61      AC:  8    Str: 21    XL:     7   Next: 29%
Magic:  6/6        EV: 10    Int:  5    God:
Gold:   167        SH:  5    Dex: 11    Spells: 6/6 levels left

rFire   . . .        l - +1 hand axe (vamp)
rCold   . . .        c - +0 buckler
rNeg    . . .        b - +1 scale mail
rPois   .            (helmet restricted)
rElec   .            (no cloak)
rCorr   .            (no gloves)
SInv    .            (no boots)
Will    .....        (no amulet) Stlth
                     (no ring)
HPRegen 0.30/turn    (no ring)
MPRegen 0.10/turn

%: no passive effects
@: brilliant, lethally poisoned (-1 -> -4)
A: horns 2, retaliatory headbutt
a: no special abilities


You were on level 5 of the Dungeon.
You visited 1 branch of the dungeon, and saw 5 of its levels.

You collected 167 gold pieces.

Inventory:

Hand Weapons
 l - a +1 vampiric hand axe (weapon)
Armour
 b - a +1 scale mail (worn)
 c - a +0 buckler (worn)
Jewellery
 a - a ring of positive energy
 o - a +5 ring of evasion
Wands
 h - a wand of digging (5)
 k - a wand of flame (40)
Scrolls
 e - a scroll of enchant armour
 j - 2 scrolls of vulnerability
Potions
 d - a potion of might
 f - 2 potions of enlightenment {unknown}
 g - a potion of brilliance
 i - a potion of curing {unknown}
 m - a potion of heal wounds {unknown}
 n - a potion of mutation {unknown}


   Skills:
 + Level 5.3 Fighting
 * Level 6.0 Axes
 + Level 5.4 Armour
 + Level 3.1 Dodging
 + Level 5.2 Shields


You had 6 spell levels left.
You didn't know any spells.
Your spell library was empty.

Dungeon Overview and Level Annotations

Branches:
Dungeon (5/15)
 Temple: D:4-7

Altars:
Ashenzari
Dithmenos
Elyvilon
Makhleb
Okawaru
Sif Muna
Yredelemnul

Annotations:
D:4 1 runed translucent door


Innate Abilities, Weirdness & Mutations

You have a pair of horns on your head.
You reflexively headbutt those who attack you in melee.


Message History

You kill the killer bee!
The killer bee stings you but does no damage.
Grinder hits you.
You writhe in agony.
Your Fighting skill increases to level 5!
You barely miss Grinder.
Grinder is almost dead.
You hit the killer bee. The killer bee closely misses you.
The killer bee stings you. The killer bee completely misses you.
You furiously retaliate!
You headbutt the killer bee. Grinder barely misses you.
You furiously retaliate!
You headbutt Grinder! The killer bee stings you.
You block the killer bee's attack.
You hit Grinder.
You kill Grinder!
You barely miss the killer bee. You closely miss the killer bee.
The killer bee stings you! The killer bee barely misses you.
The killer bee stings you.
* * * LOW HITPOINT WARNING * * *
You block the killer bee's attack. The killer bee closely misses you.
Your Axes skill increases to level 6!
Your Dodging skill increases to level 3!
Your Shields skill increases to level 5!
You have reached level 7!
You barely miss the killer bee. Your headbutt misses the killer bee.
You hit the killer bee. x2; The killer bee stings you.
* * * LOW HITPOINT WARNING * * *
The killer bee stings you but does no damage.
The killer bee stings you.
* * * LOW HITPOINT WARNING * * *
You are poisoned.
The killer bee poisons you! You block the killer bee's attack.
The killer bee stings you but does no damage.
The killer bee stings you!
* * * LOW HITPOINT WARNING * * *
It was a potion of brilliance.
You feel clever all of a sudden.
* * * LOW HITPOINT WARNING * * *
You feel sick.
The killer bee stings you but does no damage.
The killer bee stings you.
You die...

.# .. §.# #§§# # #..#
.. . #§.# .##
#...#####..# #####....
.......@y..###....../.
.......yy........!...#
.#.#######....<#
........#.#
#########.# #.# #.#
#.# #..


You could see 3 killer bees.

Vanquished Creatures
  Grinder (D:5)
  A phantom (D:4)
  A scorpion (D:4)
  2 killer bees (D:5)
  An orc priest (D:4)
  Natasha (thrice) (D:2)
  5 adders
  2 ribbon worms (D:3)
  4 dart slugs
  5 orcs
  6 endoplasms
  4 giant cockroaches
  4 hobgoblins
  5 kobolds
  4 quokkas
  5 ball pythons
  4 bats
  5 frilled lizards
  10 goblins
  A jackal skeleton (D:4)
  A kobold zombie (D:4)
  3 rats (D:1)
77 creatures vanquished.

Notes
Turn   | Place    | Note
-------+----------+-------------------------------------------
     0 | D:1      | inmateoo the Minotaur Fighter began the quest for the Orb.
     0 | D:1      | Reached XP level 1. HP: 19/19 MP: 0/0
    38 | D:1      | Reached XP level 2. HP: 27/27 MP: 1/1
   127 | D:1      | Reached skill level 3 in Axes
   436 | D:2      | Found a faded altar of an unknown god.
   444 | D:2      | Reached XP level 3. HP: 33/33 MP: 2/2
   505 | D:2      | Reached skill level 1 in Dodging
   703 | D:2      | Noticed Natasha
   709 | D:2      | Killed Natasha
   710 | D:2      | Reached XP level 4. HP: 26/40 MP: 3/3
   767 | D:2      | Noticed Natasha
   772 | D:2      | Killed Natasha
   931 | D:2      | Noticed Natasha
   936 | D:2      | Killed Natasha
   937 | D:2      | Reached skill level 4 in Axes
  1097 | D:3      | Reached XP level 5. HP: 47/47 MP: 4/4
  1263 | D:3      | Found a shimmering blue altar of Sif Muna.
  1340 | D:3      | Found an iron altar of Okawaru.
  1432 | D:3      | Found a shadowy altar of Dithmenos.
  1673 | D:3      | Found a broken altar of Ashenzari.
  1700 | D:3      | Found a burning altar of Makhleb.
  1890 | D:4      | Found a runed translucent door.
  1890 | D:4      | Noticed a human
  1895 | D:4      | Found a basalt altar of Yredelemnul.
  2101 | D:4      | Noticed a phantom
  2110 | D:4      | Killed a phantom
  2284 | D:4      | Reached XP level 6. HP: 46/53 MP: 5/5
  2359 | D:4      | Reached skill level 5 in Axes
  2365 | D:4      | Found a white marble altar of Elyvilon.
  2589 | D:4      | Reached skill level 5 in Armour
  3055 | D:5      | Entered Level 5 of the Dungeon
  3055 | D:5      | Noticed Grinder
  3073 | D:5      | Paralysed by Grinder for 2 turns
  3084 | D:5      | Reached skill level 5 in Fighting
  3085 | D:5      | Killed Grinder
  3086 | D:5      | Reached skill level 6 in Axes
  3086 | D:5      | Reached skill level 5 in Shields
  3086 | D:5      | Reached XP level 7. HP: 14/61 MP: 6/6
  3087 | D:5      | HP: 2/61 [poisoned by a killer bee]
  3087 | D:5      | Slain by a killer bee

Illustrated notes

Levels and vault maps discovered:
D:1:      elethiomel_arrival_shortcut, layout_rooms
D:2:      layout_basic, shapermc_ecumenical_altar_acropolis, moated_statue,
          uniq_natasha
D:3:      layout_loops_ring, lightli_temple_of_fire, old_standard_altar,
          nicolae_overflow_hidden_temple, general_overflow_altar,
          overflow_temple_1_default, due_unseen_surprise
D:4:      layout_layer_cave, mainiacjoe_overflow_boulevard,
          dk_yredelemnul_ordeal
D:5:      layout_loops_ring, minivault_26, uniq_edmund, uniq_grinder,
          uniq_eustachio

Skill      XL: |  1  2  3  4  5  6 |
---------------+-------------------+-----
Axes           | 3 4 6 |  6.0
Armour         | 4 5 |  5.4
Dodging        | 1 2 3 |  3.1
Fighting       | 4 5 |  5.3
Shields        | 4 5 |  5.2

Action                     |  1- 3 |  4- 6 |  7- 9 || total
---------------------------+-------+-------+-------++-------
  Melee: War axe           |    59 |     7 |       ||    66
         Headbutt          |     6 |    18 |       ||    24
         Hand axe          |       |   109 |     1 ||   110
    Use: Scroll            |     3 |     5 |       ||     8
         Potion            |       |       |     1 ||     1
 Armour: Scale mail        |    50 |    78 |     7 ||   135
  Dodge: Dodged            |    19 |    56 |       ||    75
  Block: Buckler           |    14 |    24 |     1 ||    39
